 Dungeon Crawl Stone Soup version 0.16-a0-3203-g7a0b6e9 (webtiles) character file.

459 Minkie the Conjurer (level 6, -1/41 HPs)
             Began as a Mummy Wizard on Dec 18, 2014.
             Slain by monkeypoo's ghost (12 damage)
             ... on level 4 of the Dungeon.
             The game lasted 00:27:03 (4872 turns).

Minkie the Conjurer (Mummy Wizard)                  Turns: 4872, Time: 00:27:03

Health: -1/41      AC:  6    Str: 10    XL:     6   Next: 78%
Magic:  2/12       EV: 12    Int: 19    God:
Gold:   168        SH:  0    Dex: 10    Spells: 4 memorised, 2 levels left

rFire  x . .     SeeInvis .     x - +3 hand crossbow
rCold  + + .     Clarity  .     q - +1 robe {rC+}
rNeg   + + +     SustAb   .     (no shield)
rPois  ∞         Gourm    .     h - +0 helmet
rElec  .         Spirit   .     f - +0 cloak
rCorr  .         Warding  .     (no gloves)
rMut   .         Stasis   .     s - +0 pair of boots
MR     .....                    (no amulet)
Stlth  ++........               (no ring)
                                m - ring of teleport control

@: not resistant to hostile enchantments, unstealthy
A: no food or potions, fire vulnerability, restore body, cold resistance 1,
negative energy resistance 3, poison resistance, torment resistance, unbreathing
a: Evoke Teleport Control


You were on level 4 of the Dungeon.
You were not hungry.

You visited 1 branch of the dungeon, and saw 4 of its levels.

You collected 168 gold pieces.

Inventory:

Hand weapons
 a - a +0 hand axe of freezing
 w - a +0 blowgun
 x - a +3 hand crossbow (weapon)
Missiles
 d - 36 poisoned needles
 u - 5 needles of paralysis
 y - 33 bolts (quivered)
Armour
 f - a +0 cloak (worn)
 h - a +0 helmet (worn)
 q - a +1 robe of cold resistance (worn)
 s - a +0 pair of boots (worn)
Jewellery
 b - an uncursed ring of flight
 m - a ring of teleport control (left hand)
Magical devices
 v - a wand of cold (5)
Scrolls
 e - a scroll of teleportation {unknown}
 k - a scroll of magic mapping
 n - a scroll of blinking
 o - a scroll of fog {unknown}
 p - a scroll of enchant armour {unknown}
 r - a scroll of recharging {unknown}
Books
 c - a book of Minor Magic

   Spells                             Type                      Level
   a - Magic Dart                     Conjuration                  1
   b - Blink                          Translocation                2
   c - Call Imp                       Summoning                    2
   d - Repel Missiles                 Charms/Air                   2
   e - Slow                           Hexes                        2
   f - Conjure Flame                  Conjuration/Fire             3
   g - Mephitic Cloud                 Conjuration/Poison/Air       3


   Skills:
 - Level 1.5 Dodging
 - Level 1.5 Stealth
 - Level 3.0 Spellcasting
 + Level 3.9 Conjurations
   Level 0.7 Summonings
 + Level 2.0 Translocations
 + Level 1.8 Fire Magic
 + Level 2.0 Air Magic
 + Level 1.9 Poison Magic


You had 2 spell levels left.
You knew the following spells:

 Your Spells              Type           Power        Failure   Level  Hunger
a - Magic Dart            Conj           ###.         3%          1    N/A
b - Conjure Flame         Conj/Fire      ##......     14%         3    N/A
c - Mephitic Cloud        Conj/Pois/Air  ##......     17%         3    N/A
d - Blink                 Tloc           N/A          12%         2    N/A

Dungeon Overview and Level Annotations

Branches:
Dungeon (4/15)
 Temple: D:4-7

Altars:
Gozag
Kikubaaqudgha
Makhleb

Shops:
D:4 !}}

Annotations:
D:4 monkeypoo's ghost, average TrMo


Innate Abilities, Weirdness & Mutations

You do not eat or drink.
Your flesh is vulnerable to fire.
Your flesh is cold resistant.
You are immune to negative energy.
Your system is resistant to poisons.
You are immune to unholy pain and torment.
You can survive without breathing.


Message History

* * * LOW HITPOINT WARNING * * *
Casting: Magic Dart
Confirm with . or Enter, or press ? or * to list all spells.
Aiming: Magic Dart
Press: ? - help, Shift-Dir - straight line, f/p - monkeypoo's ghost
Aim: monkeypoo's ghost, wielding a weapon of electrocution (flame, moderately damaged)
The magic dart hits monkeypoo's ghost.
Monkeypoo's ghost is moderately damaged.
Monkeypoo's ghost is engulfed in roaring flames.
Monkeypoo's ghost closely misses you.
Casting: Magic Dart
Confirm with . or Enter, or press ? or * to list all spells.
Aiming: Magic Dart
Press: ? - help, Shift-Dir - straight line, f/p - monkeypoo's ghost
Aim: monkeypoo's ghost, wielding a weapon of electrocution (flame, moderately damaged)
The magic dart hits monkeypoo's ghost.
Monkeypoo's ghost is heavily damaged.
Monkeypoo's ghost is engulfed in roaring flames.
Monkeypoo's ghost hits you!
You die...

.#.#,,,#....#..#.#..#,,*,,,,,,,*,
.#.######.....(..#..#*****,******
##..#...#.#...)8.##.# *,,*
....#...'.###.#.....#####,**
.#'##...#.#..('......??..,*
.#..#...#.#.#.#∩.....#,****
##..'...#.#.#...W....#,*
.#..##'##.(.#.#.##.#.#,*
.####....(.....8@W.#,,,*
..........####..####,,**********
#######...........,,,>,,,,,,,,,*
.,,,,....#########************,*
##**####.# *,,,,,,,* *,* #.#
*,*,,,,,* *,* #.# *,*,*******,*
#.# *,,,,,,,,,,,* #.#
***,*********


You could see monkeypoo's ghost.

Vanquished Creatures
  The ghost of chequers the Chopper, an average DsCK of Xom (D:3)
  A giant frog skeleton (D:4)
  An orc priest (D:4)
  2 worker ants (D:4)
  5 adders
  2 gnolls
  A giant mite (D:3)
  3 worms (D:2)
  2 giant geckos (D:1)
  An ooze (D:2)
  10 orcs
  2 ball pythons
  8 bats
  A bat skeleton (D:4)
  A giant cockroach (D:2)
  21 goblins
  12 hobgoblins
  14 kobolds
  5 quokkas
  6 giant newts
  2 jackals (D:4)
  A quokka skeleton (D:4)
  8 rats
  A plant (D:4)
111 creatures vanquished.

Notes
Turn   | Place    | Note
--------------------------------------------------------------
     0 | D:1      | Minkie, the Mummy Wizard, began the quest for the Orb.
     0 | D:1      | Reached XP level 1. HP: 13/13 MP: 4/4
    27 | D:1      | Reached skill level 1 in Conjurations
   281 | D:1      | Reached XP level 2. HP: 19/19 MP: 3/6
  1226 | D:2      | Reached XP level 3. HP: 21/24 MP: 1/7
  1799 | D:2      | Reached XP level 4. HP: 22/30 MP: 0/9
  1804 | D:2      | Learned a level 3 spell: Conjure Flame
  1808 | D:2      | Learned a level 3 spell: Mephitic Cloud
  1811 | D:2      | Learned a level 2 spell: Blink
  2460 | D:2      | Reached skill level 1 in Translocations
  2875 | D:3      | Noticed chequers' ghost (average DsCK)
  3248 | D:3      | Reached XP level 5. HP: 35/35 MP: 7/11
  3312 | D:3      | Killed chequers' ghost
  3312 | D:3      | Reached skill level 1 in Fire Magic
  3312 | D:3      | Reached skill level 1 in Air Magic
  3312 | D:3      | Reached skill level 1 in Poison Magic
  3312 | D:3      | Reached XP level 6. HP: 41/41 MP: 1/12
  3464 | D:4      | Noticed monkeypoo's ghost (average TrMo)
  3520 | D:4      | Found Bliof's Distillery.
  3647 | D:4      | Found Hestro's Gadget Boutique.
  4135 | D:4      | Found a burning altar of Makhleb.
  4409 | D:4      | Found an opulent altar of Gozag.
  4416 | D:4      | Found an ancient bone altar of Kikubaaqudgha.
  4846 | D:4      | Found Cisaicarr's Gadget Shop.
  4872 | D:4      | Slain by monkeypoo's ghost

Action                   |  1- 3 |  4- 6 || total
-------------------------+-------+-------++-------
Melee: Unarmed           |     3 |       ||     3
       Dagger            |    35 |    21 ||    56
       Hand axe          |       |    22 ||    22
 Fire: Hand crossbow     |       |    59 ||    59
 Cast: Magic Dart        |    98 |   139 ||   237
       Conjure Flame     |       |     5 ||     5
       Mephitic Cloud    |       |     3 ||     3
       Blink             |       |     2 ||     2
  Use: Scroll            |       |     6 ||     6
 Stab: Sleeping          |     2 |     1 ||     3
